 Dungeon Crawl Stone Soup version 0.29-a0-330-g52719c12eb (webtiles) character file.

Game seed: 6395834718846669605

71 jmlagarto the Skirmisher (level 4, -2/40 HPs)
             Began as a Hill Orc Abyssal Knight on Apr 13, 2022.
             Was a Believer of Lugonu.
             Slain by an orc priest
             ... wielding a +0 war axe
              (5 damage)
             ... on level 3 of the Dungeon.
             The game lasted 00:03:07 (2584 turns).

jmlagarto the Skirmisher (Hill Orc Abyssal Knight)  Turns: 2584, Time: 00:03:07

Health: -2/40      AC: 11    Str: 17    XL:     4   Next: 24%
Magic:  6/6        EV:  5    Int: 10    God:    Lugonu [**....]
Gold:   88         SH:  0    Dex: 11    Spells: 3/3 levels left

rFire   . . .      SeeInvis .   a - +1 hand axe
rCold   . . .      Faith    .   (no shield)
rNeg    . . .      Spirit   .   e - +0 plate armour
rPois   .          Reflect  .   (no helmet)
rElec   .          Harm     .   (no cloak)
rCorr   .          Rampage  .   (no gloves)
Will    .....                   (no boots)
Stlth   ..........              (no amulet)
HPRegen 0.13/turn               (no ring)
MPRegen 0.10/turn               (no ring)

@: no status effects
A: no striking features
a: Renounce Religion, Convert to Beogh, Depart the Abyss, Bend Space


You were on level 3 of the Dungeon.
You worshipped Lugonu.
Lugonu was pleased with you.
You visited 1 branch of the dungeon, and saw 3 of its levels.
You visited the Abyss 1 time.

You collected 88 gold pieces.

Inventory:

Hand Weapons
 a - a +1 hand axe (weapon)
Armour
 e - a +0 plate armour (worn)
Scrolls
 d - 3 scrolls of identify {unknown}
 f - 2 scrolls of teleportation {unknown}
 g - a scroll of amnesia {unknown}
Potions
 c - a potion of lignification {unknown}


   Skills:
 + Level 4.2 Fighting
 + Level 3.4 Axes
 + Level 2.9 Armour
 + Level 1.4 Dodging
 + Level 3.3 Invocations


You had 3 spell levels left.
You didn't know any spells.
Your spell library contained the following spells:

 Spells                   Type           Power      Damage    Failure   Level
 Slow                     Hex            0%         N/A       100%        1
 Confusing Touch          Hex            0%         N/A       100%        3
 Vampiric Draining        Necr           0%         2d6       100%        3


Dungeon Overview and Level Annotations

Branches:
Dungeon (3/15)

Altars:


Message History

You closely miss the orc priest. You hit the orc.
The orc hits you but does no damage.
The orc priest hits you but does no damage.
You barely miss the orc priest. You closely miss the orc.
The orc hits you with a +0 flail.
The orc priest invokes the aid of Beogh against you.
Beogh smites you!
* * * LOW HITPOINT WARNING * * *
Unknown command.
It was a potion of curing.
You feel better.
The orc priest calls down the wrath of Beogh upon you.
You barely resist. The orc hits you but does no damage.
You barely miss the orc priest. You hit the orc.
The orc hits you but does no damage.
The orc priest calls upon Beogh to heal the orc.
The orc is healed somewhat.
You hit the orc priest.
The orc priest shouts, "Surrender to Beogh and we'll let you live!"
The orc priest is heavily wounded.
You hit the orc. The orc hits you but does no damage.
The orc priest calls down the wrath of Beogh upon you.
Pain shoots through your body!
* * * LOW HITPOINT WARNING * * *
The orc priest threatens, "By the altar or by the axe, you will meet Beogh!"
You hit the orc priest but do no damage.
The orc priest is heavily wounded.
You barely miss the orc. The orc barely misses you.
The orc priest hits you but does no damage.
The orc priest hits you with a +0 war axe.
* * * LOW HITPOINT WARNING * * *
The orc barely misses you.
You feel better. The orc hits you with a +0 flail!
* * * LOW HITPOINT WARNING * * *
The orc priest hits you with a +0 war axe.
* * * LOW HITPOINT WARNING * * *
You hit the orc priest.
The orc priest is heavily wounded.
You closely miss the orc.
The orc priest hits you with a +0 war axe.
You die...

# #.# #. #..
.###.#### #
.......#
#.#....#.#
#.#.#..#.#
#......#.#
###.#.##.#######
#@#..........#
#oo.....######
o...o......#....#
o######.#.......#
#...........#
......#..#####.#
##.............#
......#...######
.#.#......#


You could see an orc priest and 2 orcs.

Vanquished Creatures
  2 adders (D:2)
  A worm (D:2)
  An orc (D:3)
  5 bats
  3 endoplasms
  2 giant cockroaches
  3 goblins (D:1)
  5 hobgoblins
  9 jackals (D:1)
  A quokka (D:1)
  4 ball pythons (D:2)
  A frilled lizard (D:1)
  4 kobolds
  6 rats
  2 bushes (D:1)
49 creatures vanquished.

Vanquished Creatures (others)
  4 plants (D:1)
4 creatures vanquished.

Grand Total: 53 creatures vanquished

Notes
Turn   | Place    | Note
-------+----------+-------------------------------------------
     0 | Abyss:1  | jmlagarto the Hill Orc Abyssal Knight began the quest for
                  | the Orb.
     0 | Abyss:1  | Reached XP level 1. HP: 19/19 MP: 2/2
    23 | Abyss:1  | Noticed a merfolk siren
    23 | Abyss:1  | Noticed a wind drake
    24 | D:1      | Escaped the Abyss
   496 | D:1      | Reached skill level 1 in Dodging
   496 | D:1      | Reached XP level 2. HP: 23/27 MP: 3/3
   911 | D:1      | Reached ** piety under Lugonu
  1104 | D:1      | Reached XP level 3. HP: 32/33 MP: 5/5
  1552 | D:1      | Reached skill level 4 in Fighting
  2130 | D:2      | Reached XP level 4. HP: 27/40 MP: 6/6
  2578 | D:3      | HP: 2/40 [orc priest/divine providence (15)]
  2584 | D:3      | Slain by an orc priest

Illustrated notes

Levels and vault maps discovered:
D:1:      minmay_arrival_cross, layout_loops_corners, serial_forest,
          infiniplex_forest_lined_room_2, infiniplex_forest_lined_room_2,
          infiniplex_forest_clump_long, infiniplex_forest_clump_medium,
          infiniplex_forest_zigzag_1, infiniplex_forest_end_1,
          infiniplex_forest_lined_room_3, serial_park_tiny_pond
D:2:      layout_rooms, chequers_serial_rivers_micro_a
D:3:      layout_basic, uniq_grinder

Skill      XL: |  1  2  3 |
---------------+----------+-----
Dodging        | 1 |  1.4
Axes           | 3 |  3.4
Fighting       | 4 |  4.2
Invocations    | 3 |  3.3
Armour         | |  2.9

Action                   |  1- 3 |  4- 6 || total
-------------------------+-------+-------++-------
Melee: Hand axe          |   358 |    26 ||   384
       Punch             |     4 |       ||     4
Invok: Depart the Abyss  |     1 |       ||     1
  Use: Scroll            |     2 |       ||     2
       Potion            |       |     2 ||     2
Armor: Leather armour    |    11 |       ||    11
       Plate armour      |   101 |    28 ||   129
Dodge: Dodged            |    79 |     8 ||    87

Table legend: (Time is in decaauts)
 A = Elapsed time spent in this place.
 B = Non-inter-level travel time spent in this place.
 C = Inter-level travel time spent in this place.
 D = Time resting spent in this place.
 E = Time spent auto-exploring this place.
 F = Levels seen in this place.
 G = Mean time per level.
                   A        B        C        D        E       F      G
               +--------+--------+--------+--------+--------+-----+--------+
         Total |   2641 |   2568 |     73 |    266 |   1688 |   4 |  660.2 |
       Dungeon |   2617 |   2544 |     73 |    266 |   1665 |   3 |  872.3 |
         Abyss |     24 |     24 |      0 |      0 |     23 |   1 |   24.0 |
               +--------+--------+--------+--------+--------+-----+--------+

Top non-repeatable levels by time:
     D:1: 1873 daAuts
     D:2: 689 daAuts
     D:3: 54 daAuts
 Abyss:1: 24 daAuts
